 Dungeon Crawl Stone Soup version 0.19-a0-1021-g80cc50c (webtiles) character file.

255 Deeps the Covered (level 5, -6/46 HPs)
             Began as a Minotaur Fighter on July 28, 2016.
             Killed by divine providence
             ... invoked by an orc priest
              (10 damage)
             ... on level 4 of the Dungeon.
             The game lasted 00:04:32 (1727 turns).

Deeps the Covered (Minotaur Fighter)                Turns: 1727, Time: 00:04:32

Health: -6/46      AC:  7    Str: 21    XL:     5   Next: 91%
Magic:  4/4        EV:  8    Int:  5    God:
Gold:   131        SH: 11    Dex: 10    Spells: 0 memorised, 4 levels left

rFire  . . .     SeeInvis .     a - +1 war axe
rCold  . . .     Gourm    .     b - +0 scale mail
rNeg   . . .     Faith    .     c - +1 shield
rPois  .         Spirit   .     (helmet restricted)
rElec  .         Dismiss  .     (no cloak)
rCorr  .         Reflect  .     (no gloves)
SustAt .         Harm     .     (no boots)
MR     .....                    (no amulet)
Stlth  ..........               (no ring)
                                (no ring)

@: not resistant to hostile enchantments, extremely unstealthy
A: retaliatory headbutt, horns 2
a: no special abilities


You were on level 4 of the Dungeon.
You were not hungry.

You visited 1 branch of the dungeon, and saw 4 of its levels.

You collected 131 gold pieces.

Inventory:

Hand Weapons
 a - a +1 war axe (weapon)
Armour
 b - a +0 scale mail (worn)
 c - a +1 shield (worn)
Jewellery
 o - a +2 ring of dexterity {unknown}
 x - an uncursed amulet of harm {unknown}
Scrolls
 e - a scroll of teleportation
 p - a scroll of identify
Potions
 d - a potion of might
 h - a potion of brilliance {unknown}
 i - a potion of berserk rage {unknown}
 k - a potion of cure mutation {unknown}
 l - a potion of magic
 r - a potion of heal wounds {unknown}
 t - a potion of lignification
Comestibles
 m - a slice of pizza
 s - 2 beef jerkies


   Skills:
 + Level 4.3 Fighting
 + Level 3.7 Axes
 + Level 5.2 Armour
 + Level 2.5 Dodging
 + Level 5.1 Shields


You had 4 spell levels left.
You didn't know any spells.

Dungeon Overview and Level Annotations

Branches:
Dungeon (4/15)
 Temple: D:4-7

Altars:


Innate Abilities, Weirdness & Mutations

You reflexively headbutt those who attack you in melee.
You have a pair of horns on your head.


Message History

Your shield and scale mail prevent you from hitting the giant cockroach.
The giant cockroach bites you.
The orc priest casts a cantrip, but nothing happens.
You closely miss the giant cockroach.
Your headbutt misses the giant cockroach.
The giant cockroach bites you but does no damage.
The orc priest invokes the aid of Beogh against you.
Beogh smites you! You block the giant cockroach's attack.
The orc priest looks braver for a moment.
The orc priest mumbles some strange prayers to Beogh against you.
Beogh smites you!
* * * LOW HITPOINT WARNING * * *
You are too injured to fight recklessly!
Unknown command.
An orc wizard comes into view. It is wielding a dagger.
You block the giant cockroach's attack. You block the giant cockroach's attack.
The orc priest invokes the aid of Beogh against you.
Beogh smites you!
You die...

..# ... ##.# ... #
####o# # .)#######
#..{.# .... .
........###o#######
..<
..#######.(.s........
.
#.......)#@..#######
#..........###
#.....)...##
#...>.........
#.>......#####
#........# #........#
#........# ##########


You could see 2 orc priests and a giant cockroach.

Vanquished Creatures
  2 hounds
  Jessica (D:3)
  Robin (D:3)
  5 adders
  A worm (D:2)
  2 dart slugs (D:2)
  7 giant geckos
  2 orcs (D:4)
  A ball python (D:1)
  16 bats
  4 giant cockroaches
  22 goblins
  8 hobgoblins
  A quokka (D:3)
  4 giant newts
  9 kobolds
  7 rats
93 creatures vanquished.

Notes
Turn   | Place    | Note
-------+----------+-------------------------------------------
     0 | D:1      | Deeps the Minotaur Fighter began the quest for the Orb.
     0 | D:1      | Reached XP level 1. HP: 19/19 MP: 0/0
    82 | D:1      | Reached XP level 2. HP: 27/27 MP: 1/1
   399 | D:1      | Reached XP level 3. HP: 33/33 MP: 2/2
   439 | D:1      | You fall through a shaft!
   555 | D:2      | Reached XP level 4. HP: 24/40 MP: 3/3
   719 | D:2      | Reached skill level 1 in Dodging
  1017 | D:3      | Noticed Jessica
  1023 | D:3      | Killed Jessica
  1023 | D:3      | Reached skill level 5 in Armour
  1023 | D:3      | Reached XP level 5. HP: 35/46 MP: 4/4
  1214 | D:3      | Noticed Robin
  1236 | D:3      | Killed Robin
  1240 | D:3      | Reached skill level 5 in Shields
  1727 | D:4      | Killed from afar by an orc priest

Vault maps used:
D:1:      tarquinn_simple_flora_water_e, minmay_cut_off
D:3:      uniq_robin, uniq_jessica
D:4:      fedhas_altar_3

Skill      XL: |  1  2  3  4  5 |
---------------+----------------+-----
Shields        | 4 5 |  5.1
Armour         | 4 5 |  5.2
Fighting       | 4 |  4.3
Axes           | 3 |  3.7
Dodging        | 1 2 |  2.5

Action                   |  1- 3 |  4- 6 || total
-------------------------+-------+-------++-------
Melee: War axe           |    93 |   103 ||   196
       Headbutt          |    11 |    14 ||    25
  Use: Scroll            |       |     7 ||     7
       Potion            |       |     2 ||     2
  Eat: Chunk             |       |     2 ||     2
       Bread ration      |       |     1 ||     1
Armor: Scale mail        |    46 |    35 ||    81
Dodge: Dodged            |    38 |    38 ||    76
Block: Shield            |    60 |    70 ||   130
